 Dungeon Crawl Stone Soup version 0.28-a0-312-gbced6e68ee (webtiles) character file.

Game seed: 11150383743483381417

32 bande the Covered (level 3, -6/23 HPs)
             Began as a Gargoyle Fighter on Aug 31, 2021.
             Mangled by Sigmund (8 damage)
             ... on level 2 of the Dungeon.
             The game lasted 00:02:41 (1483 turns).

bande the Covered (Gargoyle Fighter)                Turns: 1483, Time: 00:02:41

Health: -6/23      AC: 10    Str: 19    XL:     3   Next: 25%
Magic:  3/3        EV:  7    Int:  8    God:
Gold:   18         SH:  8    Dex: 10    Spells: 2/2 levels left

rFire   . . .      SeeInvis .   a - +0 war axe
rCold   . . .      Faith    .   c - +0 kite shield
rNeg    + . .      Spirit   .   b - +0 scale mail
rPois   ∞          Reflect  .   (no helmet)
rElec   +          Harm     .   (no cloak)
rCorr   .          Rampage  .   (no gloves)
Will    .....                   (no boots)
Stlth   ..........              (no amulet)
HPRegen 0.07/turn               (no ring)
MPRegen 0.08/turn               (no ring)

@: mighty
A: sickness immunity, AC +3, negative energy resistance 1, electricity
resistance, torment resistance 1, petrification resistance
a: no special abilities


You were on level 2 of the Dungeon.
You visited 1 branch of the dungeon, and saw 2 of its levels.

You collected 18 gold pieces.

Inventory:

Hand Weapons
 a - a +0 war axe (weapon)
Armour
 b - a +0 scale mail (worn)
 c - a +0 kite shield (worn)
Jewellery
 h - a ring of positive energy
Scrolls
 e - a scroll of fog {unknown}
 f - a scroll of teleportation {unknown}
 g - 2 scrolls of identify {unknown}
Potions
 i - a potion of ambrosia {unknown}


   Skills:
 + Level 3.6 Fighting
 + Level 2.2 Axes
 + Level 3.7 Armour
 + Level 3.6 Shields


You had 2 spell levels left.
You didn't know any spells.
Your spell library contained the following spells:

 Spells                   Type           Power      Damage    Failure   Level
 Sting                    Tmut/Pois      0%         1d3       99%         1
 Poisonous Vapours        Pois/Air       0%         N/A       100%        2
 Olgreb's Toxic Radiance  Pois           0%         N/A       100%        4


Dungeon Overview and Level Annotations

Branches:
Dungeon (2/15)

Altars:

Shops:
D:1 *

Annotations:
D:2 Sigmund


Innate Abilities, Weirdness & Mutations

You are immune to sickness and miasma.
Your stone body is resilient. (AC +3)
You are immune to poison.
You resist negative energy. (rN+)
You are resistant to electric shocks. (rElec)
You are resistant to unholy torment.
You are immune to petrification.


Message History

The giant cockroach bites you but does no damage. x2
You barely miss the giant cockroach.
The giant cockroach is severely wounded.
You block the giant cockroach's attack. x2
You slash the giant cockroach!
You kill the giant cockroach!
No target in view!
No target in view!
No target in view!
No target in view!
No target in view!
Sigmund the Dreaded comes into view.
He is wielding a +0 scythe of freezing.
Sigmund drinks a potion.
Sigmund suddenly seems more resistant.
A kobold comes into view. It is wielding a +0 short sword.
You feel very mighty all of a sudden.
Sigmund hits you with a +0 scythe of freezing.
Sigmund freezes you.
Your shield and scale mail prevent you from hitting Sigmund.
Sigmund barely misses you.
You barely miss Sigmund. You block Sigmund's attack.
You barely miss Sigmund. Sigmund hits you but does no damage.
The kobold barely misses you.
You closely miss Sigmund. You slash the kobold!
You kill the kobold!
Sigmund casts a spell.
Sigmund flickers and vanishes!
Deactivating autopickup; reactivate with Ctrl-A.
You miss something.
You hear some strange, mumbled words.
A magic dart appears from out of thin air!
The magic dart hits you. Something hits you. Something freezes you.
You closely miss something. Something hits you. Something freezes you.
Unknown command.
You miss something. Something hits you.
* * * LOW HITPOINT WARNING * * *
Something freezes you.
* * * LOW HITPOINT WARNING * * *
Unknown command.
You miss something. Something hits you!
You die...

. ........#.###.<.# .
#.#..............#
#.#.#...##.#.#.#......
#.#.#...##........####
#............#.#..#
###.#...####.#.#..#
#..........# #..#
#####.#)######.# #..#
.......@.......#
#######{#####.. #.#
#.# #.# #.# #.. #.#


There were no monsters in sight!

Vanquished Creatures
  3 ball pythons (D:1)
  4 endoplasms (D:1)
  A giant cockroach (D:2)
  3 hobgoblins (D:1)
  5 kobolds
  A quokka (D:1)
  3 bats (D:1)
  5 frilled lizards (D:1)
  3 goblins (D:1)
  2 rats (D:1)
30 creatures vanquished.

Notes
Turn   | Place    | Note
-------+----------+-------------------------------------------
     0 | D:1      | bande the Gargoyle Fighter began the quest for the Orb.
     0 | D:1      | Reached XP level 1. HP: 14/14 MP: 1/1
    82 | D:1      | Found Wuacs's Assorted Antiques.
   130 | D:1      | Reached XP level 2. HP: 15/19 MP: 2/2
  1007 | D:1      | Reached XP level 3. HP: 19/23 MP: 3/3
  1203 | D:1      | Found a faded altar of an unknown god.
  1472 | D:2      | Noticed Sigmund
  1483 | D:2      | Mangled by Sigmund

Illustrated notes

Levels and vault maps discovered:
D:1:      dpeg_arrival_three_smaller_balls, layout_loops_ring, serial_shops,
          shop, hellmonk_ecumenical_altar_pennies_from_heaven
D:2:      layout_basic, basic_altar, uniq_sigmund, uniq_natasha

Skill      XL: |  1  2 |
---------------+-------+-----
Axes           | 2 |  2.2
Fighting       | |  3.6
Armour         | |  3.7
Shields        | |  3.6

Action                   || total
-------------------------++-------
Melee: War axe           ||   117
  Use: Potion            ||     1
Armor: Scale mail        ||    70
Dodge: Dodged            ||    31
Block: Kite shield       ||    52

Table legend: (Time is in decaauts)
 A = Elapsed time spent in this place.
 B = Non-inter-level travel time spent in this place.
 C = Inter-level travel time spent in this place.
 D = Time resting spent in this place.
 E = Time spent auto-exploring this place.
 F = Levels seen in this place.
 G = Mean time per level.
                   A        B        C        D        E       F      G
               +--------+--------+--------+--------+--------+-----+--------+
         Total |   1557 |   1557 |      0 |    493 |    758 |   2 |  778.5 |
       Dungeon |   1557 |   1557 |      0 |    493 |    758 |   2 |  778.5 |
               +--------+--------+--------+--------+--------+-----+--------+

Top non-repeatable levels by time:
     D:1: 1515 daAuts
     D:2: 41 daAuts
